 Dungeon Crawl Stone Soup version 0.28-a0-674-gdaf460b524 (webtiles) character file.

Game seed: 8094800689779351037

128 blank1 the Skirmisher (level 4, -1/41 HPs)
             Began as a Minotaur Fighter on Oct 17, 2021.
             Slain by an orc priest (3 damage)
             ... on level 2 of the Dungeon on Oct 18, 2021.
             The game lasted 00:04:09 (2121 turns).

blank1 the Skirmisher (Minotaur Fighter)            Turns: 2121, Time: 00:04:10

Health: -1/41      AC:  7    Str: 21    XL:     4   Next: 87%
Magic:  3/3        EV: 10    Int:  5    God:
Gold:   72         SH:  4    Dex: 10    Spells: 3/3 levels left

rFire   . . .      SeeInvis .   a - +0 flail (freeze)
rCold   . . .      Faith    .   c - +0 buckler
rNeg    . . .      Spirit   .   b - +0 scale mail
rPois   .          Reflect  .   (helmet restricted)
rElec   .          Harm     .   (no cloak)
rCorr   .          Rampage  .   (no gloves)
Will    .....                   (no boots)
Stlth   ..........              h - amulet of the acrobat
HPRegen 0.13/turn               (no ring)
MPRegen 0.08/turn               (no ring)

@: no status effects
A: horns 2, retaliatory headbutt
a: no special abilities


You were on level 2 of the Dungeon.
You visited 1 branch of the dungeon, and saw 3 of its levels.

You collected 72 gold pieces.

Inventory:

Hand Weapons
 a - a +0 flail of freezing (weapon)
Armour
 b - a +0 scale mail (worn)
 c - a +0 buckler (worn)
Jewellery
 h - an amulet of the acrobat (around neck)
Scrolls
 e - a scroll of magic mapping {unknown}
 g - a scroll of torment {unknown}
 k - a scroll of amnesia {unknown}
 l - a scroll of fear
Potions
 d - a potion of might
 f - a potion of brilliance {unknown}
 j - a potion of heal wounds {unknown}
 n - a potion of curing {unknown}


   Skills:
 + Level 4.9 Fighting
 - Level 4.0 Maces & Flails
 - Level 4.0 Armour
 - Level 2.0 Dodging
 - Level 4.0 Shields


You had 3 spell levels left.
You didn't know any spells.
Your spell library contained the following spells:

 Spells                   Type           Power      Damage    Failure   Level
 Sublimation of Blood     Necr           0%         N/A       91%         2
 Freezing Cloud           Conj/Ice/Air   0%         6-21      100%        5
 Silence                  Hex/Air        0%         N/A       100%        5
 Necromutation            Tmut/Necr      0%         N/A       100%        8


Dungeon Overview and Level Annotations

Branches:
Dungeon (3/15)

Altars:


Innate Abilities, Weirdness & Mutations

You have a pair of horns on your head.
You reflexively headbutt those who attack you in melee.


Message History

The kobold throws a stone.
The stone hits you. The orc hits you with a +0 club.
The kobold throws a stone.
The stone hits you but does no damage.
You closely miss the orc. Your headbutt misses the orc.
The orc is moderately wounded.
The orc hits you with a +0 club.
The kobold throws a stone.
The stone closely misses you.
You sock the orc! You freeze the orc.
You kill the orc!
You hit the kobold. You freeze the kobold.
You kill the kobold!
The orc priest calls down the wrath of Beogh upon you.
Beogh smites you!
You hear an angry hiss.
The adder hisses angrily.
Things that are here:
a +0 short sword; 4 stones
There is a stone staircase leading up here.
The orc priest barely misses you.
You climb upwards.
There is a stone staircase leading down here.
You closely miss the orc priest. You headbutt the orc priest!
The orc priest is heavily wounded.
The orc priest hits you with a +0 mace.
You hit the orc priest. You freeze the orc priest.
Your headbutt misses the orc priest.
The orc priest is almost dead.
The orc priest closely misses you.
Your scale mail prevents you from hitting the orc priest.
You headbutt the orc priest.
The orc priest is almost dead.
You block the orc priest's attack.
You completely miss the orc priest.
The orc priest is almost dead.
The orc priest invokes the aid of Beogh against you.
Beogh smites you!
* * * LOW HITPOINT WARNING * * *
You barely miss the orc priest. Your headbutt misses the orc priest.
The orc priest is almost dead.
The orc priest barely misses you. The orc priest hits you with a +0 mace.
You die...

#.# ##.##.# #...# #... #.#
#.##.#############.#' #.#
#..................#. ######.#
##...###############. .......#
#.<.##........#####.
##############...##...(....#.....
..........[.......+........'.....
.##############[.##........#.....
.# #......@.'........+..... '###
#.....o.##........#..... (..#
#.......##.............. ...#
#.......##.............. >..#
#.......##.............. ...#
##......#########....... ...#
#......# #....).) ...# #......#
#....... ...# ######## #.......


You could see an orc priest.

Vanquished Creatures
  2 orc priests
  An adder (D:2)
  A dart slug (D:3)
  5 orcs
  7 ball pythons
  7 endoplasms
  6 goblins
  5 hobgoblins
  4 jackals (D:2)
  2 frilled lizards
  4 kobolds
  6 rats
50 creatures vanquished.

Notes
Turn   | Place    | Note
-------+----------+-------------------------------------------
     0 | D:1      | blank1 the Minotaur Fighter began the quest for the Orb.
     0 | D:1      | Reached XP level 1. HP: 19/19 MP: 0/0
   188 | D:1      | Reached XP level 2. HP: 27/27 MP: 1/1
   646 | D:1      | Got the Tome of Aerial Sinister Rites
   847 | D:1      | Reached XP level 3. HP: 10/33 MP: 2/2
  1077 | D:2      | Reached skill level 1 in Dodging
  1077 | D:2      | Reached XP level 4. HP: 41/41 MP: 3/3
  1597 | D:2      | Found a faded altar of an unknown god.
  2120 | D:2      | HP: 2/41 [orc priest/divine providence (17)]
  2121 | D:2      | Slain by an orc priest

Illustrated notes

Levels and vault maps discovered:
D:1:      evilmike_arrival_hilbert_curve, layout_basic, st_stairs_4
D:2:      layout_basic, ebering_ecumenical_altar_box
D:3:      layout_loops_ring

Skill      XL: |  1  2  3  4 |
---------------+-------------+-----
Fighting       | 4 |  4.9
Shields        | 4 |  4.0
Maces & Flails | 4 |  4.0
Armour         | 4 |  4.0
Dodging        | 1 2 |  2.0

Action                   |  1- 3 |  4- 6 || total
-------------------------+-------+-------++-------
Melee: Flail             |    51 |    52 ||   103
       Headbutt          |     9 |    10 ||    19
  Use: Scroll            |       |     4 ||     4
Armor: Scale mail        |    14 |    20 ||    34
Dodge: Dodged            |    23 |    32 ||    55
Block: Buckler           |    11 |    12 ||    23

Table legend: (Time is in decaauts)
 A = Elapsed time spent in this place.
 B = Non-inter-level travel time spent in this place.
 C = Inter-level travel time spent in this place.
 D = Time resting spent in this place.
 E = Time spent auto-exploring this place.
 F = Levels seen in this place.
 G = Mean time per level.
                   A        B        C        D        E       F      G
               +--------+--------+--------+--------+--------+-----+--------+
         Total |   2147 |   2117 |     30 |    411 |   1332 |   3 |  715.7 |
       Dungeon |   2147 |   2117 |     30 |    411 |   1332 |   3 |  715.7 |
               +--------+--------+--------+--------+--------+-----+--------+

Top non-repeatable levels by time:
     D:1: 1045 daAuts
     D:2: 996 daAuts
     D:3: 104 daAuts
